 Dungeon Crawl Stone Soup version 0.23-a0-169-gb21e69520c (webtiles) character file.

70 Holzbalken the Cudgeler (level 4, 0/28 HPs)
             Began as a Gargoyle Monk on Sept 12, 2018.
             Slain by a phantom (2 damage)
             ... on level 3 of the Dungeon.
             The game lasted 00:06:23 (1491 turns).

Holzbalken the Cudgeler (Gargoyle Monk)             Turns: 1491, Time: 00:06:24

Health: 0/28       AC:  9    Str: 15    XL:     4   Next: 22%
Magic:  4/4        EV: 11    Int: 11    God:
Gold:   115        SH:  0    Dex: 12    Spells: 3/3 levels left

rFire    . . .     SeeInvis .   a - +1 mace
rCold    . . .     Gourm    .   (no shield)
rNeg     + . .     Faith    .   i - +0 ring mail
rPois    ∞         Spirit   .   (no helmet)
rElec    +         Reflect  .   (no cloak)
rCorr    .         Harm     .   (no gloves)
MR       .....                  q - +0 pair of boots
Stlth    +.........             (no amulet)
HPRegen  0.09/turn              (no ring)
MPRegen  0.09/turn              (no ring)

@: no status effects
A: negative energy resistance 1, electricity resistance, unbreathing,
petrification resistance, rot immunity, AC +3
a: no special abilities


You were on level 3 of the Dungeon.
You were not hungry.

You visited 1 branch of the dungeon, and saw 3 of its levels.

You collected 115 gold pieces.

Inventory:

Hand Weapons
 a - a +1 mace (weapon)
Missiles
 f - 2 tomahawks (quivered)
Armour
 b - a +0 robe
 i - a +0 ring mail (worn)
 q - a +0 pair of boots (worn)
Scrolls
 g - 2 scrolls of remove curse
Potions
 d - a potion of might
 e - 2 potions of resistance
 h - a potion of curing {unknown}
 k - a potion of lignification {unknown}
 l - a potion of heal wounds {unknown}
 o - a potion of brilliance {unknown}
Comestibles
 c - 5 rations


   Skills:
 - Level 3.2 Fighting
 + Level 4.9 Maces & Flails
 - Level 2.4 Dodging
 - Level 2.1 Stealth


You had 3 spell levels left.
You didn't know any spells.
Your spell library was empty.

Dungeon Overview and Level Annotations

Branches:
Dungeon (3/15)

Altars:


Innate Abilities, Weirdness & Mutations

You are resistant to torment.
Your stone body is resilient. (AC +3)
You are immune to poison.
You resist negative energy. (rN+)
You are resistant to electric shocks. (rElec)
You can survive without breathing.
You are immune to petrification.
You are immune to rotting.


Message History

You closely miss the phantom.
The phantom is almost destroyed.
The phantom blinks!
You hit the phantom.
The phantom is almost destroyed.
The phantom hits you but does no damage.
You closely miss the phantom.
The phantom is almost destroyed.
The phantom hits you.
* * * LOW HITPOINT WARNING * * *
You barely miss the phantom.
The phantom is almost destroyed.
The phantom barely misses you.
You barely miss the phantom.
The phantom is almost destroyed.
The phantom hits you but does no damage.
You closely miss the phantom.
The phantom is almost destroyed.
The phantom hits you.
You die...

## #.
#.# ..
#. #.##
#.@#
##W#
#.###
.#
#...#
...
###.#
#.# #.#
#..#
#.#
#..##.#
#....#


You could see a phantom.

Vanquished Creatures
  Jessica (D:2)
  An ooze (D:1)
  A worm (D:2)
  2 dart slugs
  2 leopard geckos
  6 giant cockroaches
  A goblin (D:2)
  2 hobgoblins
  4 jackals (D:3)
  2 bats
  2 frilled lizards (D:1)
  3 kobolds
  2 rats
29 creatures vanquished.

Notes
Turn   | Place    | Note
-------+----------+-------------------------------------------
     0 | D:1      | Holzbalken the Gargoyle Monk began the quest for the Orb.
     0 | D:1      | Reached XP level 1. HP: 14/14 MP: 1/1
   233 | D:1      | Reached XP level 2. HP: 19/19 MP: 2/2
   534 | D:2      | Reached skill level 4 in Maces & Flails
   666 | D:2      | Noticed Jessica
   677 | D:2      | Reached XP level 3. HP: 19/23 MP: 3/3
   694 | D:2      | Killed Jessica
   714 | D:2      | Reached XP level 4. HP: 13/28 MP: 4/4
  1442 | D:3      | Noticed a phantom
  1491 | D:3      | Slain by a phantom

Vault maps used:
D:1:      dpeg_arrival_rhombus, minmay_pentomino_v2
D:2:      solitary_fountain, uniq_jessica
D:3:      first_ration, gammafunk_ghost_necromancy,
          chequers_ecumenical_altar_lobes, uniq_sigmund, uniq_purgy

Skill      XL: |  1  2 |
---------------+-------+-----
Maces & Flails | 4 |  4.9
Fighting       | |  3.2
Dodging        | |  2.4
Stealth        | |  2.1

Action                   |  1- 3 |  4- 6 || total
-------------------------+-------+-------++-------
Melee: Mace              |    57 |    39 ||    96
       Whip              |       |    42 ||    42
Throw: Tomahawk          |    14 |       ||    14
  Use: Scroll            |       |     4 ||     4
  Eat: Chunk             |       |     2 ||     2
Armor: Ring mail         |    37 |    34 ||    71
       Robe              |     1 |       ||     1
Dodge: Dodged            |    51 |    43 ||    94

Table legend:
 A = Non-vault XP
 B = Vault XP
 C = Vault XP percentage of total XP
 D = Non-vault monster count
 E = Vault monster count
 F = Vault count percentage of total count
                 A         B        C        D         E       F
            +---------+---------+-------+---------+---------+-------
      Total |      62 |      39 |  38.6 |      26 |       3 |  10.3
            +---------+---------+-------+---------+---------+-------
        D:1 |      23 |       2 |   8.0 |      10 |       2 |  16.7
        D:2 |      20 |      37 |  64.9 |       8 |       1 |  11.1
        D:3 |      19 |       0 |   0.0 |       8 |       0 |   0.0
            +---------+---------+-------+---------+---------+-------
